 Dungeon Crawl Stone Soup version 0.30-a0-51-g784eafce7f (webtiles) character file.

Game seed: 14885768015764053625

14478 Newt the Spear-Bearer (level 11, -3/84 HPs)
             Began as a Pale Draconian Monk on Sept 5, 2022.
             Was a Priest of Hepliaklqana.
             Slain by a minotaur (7 damage)
             ... in a Gauntlet.
             The game lasted 00:20:12 (12522 turns).

Newt the Spear-Bearer (Pale Draconian Monk)        Turns: 12522, Time: 00:20:13

Health: -3/84      AC: 12    Str: 22    XL:     11   Next: 89%
Magic:  17/17      EV: 15    Int: 16    God:    Hepliaklqana [***...]
Gold:   705        SH:  0    Dex: 12    Spells: 10/10 levels left

rFire   . . .      SeeInvis .    w - +8 spear "Hyloruca" {holy, Fragile +Blink Stlth+}
rCold   . . .      Faith    .    (no shield)
rNeg    . . .      Spirit   .    (body armour unavailable)
rPois   +          Reflect  +    D - +2 hat of Gyozox {Regen+}
rElec   .          Harm     +    L - scarf {harm}
rCorr   .          Rampage  .    k - +2 pair of gloves
Will    +....      NoTele   +    (no boots)
Stlth   ++........               M - amulet "Bont" {Reflect Will+ SH+5}
HPRegen 1.04/turn                u - +6 ring of strength
MPRegen 0.15/turn                z - +4 ring of slaying

@: confused, ambrosia-drunk
A: reduced essence, breathe steam, AC +7, unfitting armour, cold-blooded, steam
resistance, clever 1, poison resistance
a: Breathe Steam, Renounce Religion, Evoke Blink, Recall Ancestor, Ancestor
Identity, Transference


You were in a Gauntlet.
You worshipped Hepliaklqana.
Hepliaklqana was most pleased with you.
You visited 2 branches of the dungeon, and saw 12 of its levels.
You also visited: Gauntlet.

You collected 729 gold pieces.
You spent 24 gold pieces at shops.

Inventory:

Hand Weapons
 a - a +1 mace
 g - a +2 dagger of distortion
 j - a +1 dagger of venom
 w - the +8 spear "Hyloruca" (weapon) {holy, Fragile +Blink Stlth+}
   (You found it on level 3 of the Dungeon)

   It has been blessed by the Shining One to cause great damage to the undead
   and demons.
   +Blink:    It lets you blink.
   Fragile:   It will be destroyed if unequipped.
   Stlth:     It makes you more stealthy.
 G - a +1 trident
 K - a +1 halberd of venom
Missiles
 v - 7 curare-tipped darts (quivered)
Armour
 k - a +2 pair of gloves (worn)
 o - a +2 cloak
 t - the +2 cloak "Motecex" {rPois Str+2 Int+2 Stlth+}
   (You found it on level 6 of the Dungeon)

   Str:       It affects your strength (+2).
   Int:       It affects your intelligence (+2).
   rPois:     It protects you from poison.
   Stlth:     It makes you more stealthy.
 D - the +2 hat of Gyozox (worn) {Regen+}
   (You acquired it on level 9 of the Dungeon)

   Regen:     It increases your rate of health regeneration.
 L - a scarf of harm (worn)
Jewellery
 e - a ring of poison resistance
 i - a ring of protection from cold
 s - an amulet of the acrobat
 u - a +6 ring of strength (left hand)
 z - a +4 ring of slaying (right hand)
 A - an amulet of guardian spirit
 I - a ring of resist corrosion
 M - the amulet "Bont" (around neck) {Reflect Will+ SH+5}
   (You found it in a Gauntlet)

   [amulet of reflection]

   It reflects blocked missile attacks.
   SH:        It affects your SH (+5).
   Will:      It increases your willpower.
 N - a +6 ring of intelligence
Wands
 E - a wand of flame (40)
 J - a wand of mindburst (10)
Scrolls
 f - 6 scrolls of teleportation
 p - 3 scrolls of magic mapping
 y - a scroll of enchant weapon
 C - 3 scrolls of fog
 F - a scroll of amnesia
Potions
 b - a potion of ambrosia
 c - 3 potions of degeneration
 d - 2 potions of curing
 h - 4 potions of heal wounds {unknown}
 l - 3 potions of cancellation {unknown}
 n - 2 potions of mutation
 q - 2 potions of flight {unknown}
 r - a potion of attraction {unknown}
 x - 2 potions of lignification {unknown}
 B - 3 potions of brilliance
 H - 3 potions of invisibility {unknown}
Miscellaneous
 m - a phantom mirror (inert)


   Skills:
 - Level 8.0 Fighting
 - Level 6.0 Maces & Flails
 + Level 11.6 Polearms
 - Level 8.0 Dodging
 - Level 2.0 Stealth
 - Level 8.0 Invocations
 - Level 8.0 Evocations


You had 10 spell levels left.
You didn't know any spells.
Your spell library contained the following spells:

 Spells                   Type           Power      Damage    Failure   Level
 Freeze                   Ice            0%         1d3       26%         1
 Sandblast                Erth           0%         2d4       26%         1
 Passwall                 Tmut/Erth      0%         N/A       36%         2
 Static Discharge         Conj/Air       0%         3-3/arc   36%         2
 Frozen Ramparts          Ice            0%         1d1       58%         3
 Gell's Gravitas          Tloc           0%         N/A       58%         3
 Lesser Beckoning         Tloc           0%         N/A       58%         3
 Stone Arrow              Conj/Erth      0%         3d7       58%         3
 Teleport Other           Tloc           0%         N/A       58%         3
 Hailstorm                Conj/Ice       0%         3d3       94%         4
 Summon Lightning Spire   Summ/Air       0%         N/A       94%         4
 Freezing Cloud           Conj/Ice/Air   0%         6-21      100%        5
 Lightning Bolt           Conj/Air       0%         1d11      100%        5
 Dispersal                Tloc           0%         N/A       100%        6
 Simulacrum               Ice/Necr       0%         N/A       100%        6
 Storm Form               Tmut/Air       0%         N/A       100%        7
 Maxwell's Capacitive Co  Air            0%         ∞         100%        8
 Chain Lightning          Conj/Air       0%         N/A       100%        9
 Fire Storm               Conj/Fire      0%         5d1       100%        9
 Polar Vortex             Ice            0%         N/A       100%        9
 Shatter                  Erth           0%         3d5*      100%        9


Dungeon Overview and Level Annotations

Branches:
Dungeon (11/15)            Temple (1/1) D:5            Lair (0/5) D:8
Gauntlet (1/1)
    Orc: D:9-12

Altars:
Ashenzari
Cheibriados
Elyvilon
Fedhas
Gozag
Hepliaklqana
Kikubaaqudgha
Makhleb
Nemelex Xobeh
Qazlal
Ru
Sif Muna
Uskayaw
Vehumet
Wu Jian
Yredelemnul
Zin
The Shining One

Shops:
D:5 ?   D:6 =   D:9 [   D:11 :

Annotations:
Gauntlet 6 transporters


Innate Abilities, Weirdness & Mutations

Your life essence is reduced to manifest your ancestor. (-10% HP)
You can breathe blasts of scalding, opaque steam.
Your pale cyan-grey scales are hard. (AC +7)
You cannot fit into any form of body armour.
You are cold-blooded and may be slowed by cold attacks.
You are immune to the effects of steam.
Your mind is acute. (Int +4, Str/Dex -1)
Your system is resistant to poisons. (rPois)


Message History

Okay, then.
Unknown command.
You hit the minotaur but do no damage.
The minotaur is lightly wounded.
Unknown command.
You puncture the minotaur!
The minotaur is moderately wounded.
Shiptu hits the minotaur with a +0 flail!
The minotaur hits you but does no damage.
The minotaur barely misses you.
Unknown command.
You hit the minotaur but do no damage.
The minotaur is moderately wounded.
Unknown command.
You hit the minotaur but do no damage.
Your tail-slap misses the minotaur.
The minotaur is moderately wounded.
Shiptu hits the minotaur with a +0 flail.
The minotaur hits you! The minotaur gores you.
Unknown command.
You are confused.
You feel invigorated.
Shiptu hits the minotaur with a +0 flail.
The minotaur hits you. The minotaur completely misses you.
Unknown command.
Shiptu hits the minotaur but does no damage.
The minotaur closely misses you. x2
Unknown command.
Shiptu barely misses the minotaur.
The minotaur hits you but does no damage.
The minotaur gores you but does no damage.
Shiptu hits the minotaur with a +0 flail.
The minotaur barely misses you. The minotaur gores you!
Shiptu hits the minotaur with a +0 flail!
The minotaur hits you!!
* * * LOW HITPOINT WARNING * * *
The minotaur gores you.
* * * LOW HITPOINT WARNING * * *
Unknown command.
The minotaur attacks as you move away! The minotaur hits you.
You die...

### ##..#...8...
######..##≈..#..8.8.8
#...##..###..#R8.©.8#
#.#.##..##≈..#..8.8.8
#.#.....###..#...8... #
#.#.##....#..#..8#8.. #.⌠
#..R##...©#..########
#...∩##.#H##....#.∩........
+⌠....'.#.@.....#..........
#..⌠.##.#.##...©#..########
###+ #...##....#..#Y......
#.#.##..###..#Y..###.
#.#.....##≈..#"...#..
#.#.##..###..#.#..#..
#...##..##≈..#©.#####
######..###..#[#..#©.
#≈..#?...#..


You could see the friendly Shiptu the knight and a minotaur (ally target).

Vanquished Creatures
  2 jiangshi
  A hydra (D:11)
  A two-headed ogre (D:9)
  A skeletal warrior (D:7)
  The ghost of Spectrina the Magician, a novice DjVM (D:7)
  2 bog bodies
  The ghost of AlleluiaPinecone the Cleaver, a novice DrBe of Trog (D:6)
  4 phantasmal warriors
  Pikel (D:4)
  The ghost of jlumianski the Chopper, a novice DsGl of Qazlal (D:6)
  3 large abominations (Gauntlet)
  A centaur skeleton (D:7)
  Maggie (D:7)
  A gargoyle (D:8)
  An ice devil (Gauntlet)
  The ghost of Moonkey the Conjurer, a novice DECj of Vehumet (D:6)
  A troll (D:11)
  Grinder (D:3)
  A shadow (D:9)
  2 centaur simulacra (Gauntlet)
  11 yaks
  A wyvern (D:10)
  Eustachio (D:4)
  5 vampire mosquitoes (D:11)
  A steam dragon (D:7)
  Menkaure (D:4)
  2 acid dragons (D:9)
  2 water moccasins
  Duvessa (D:6)
  5 orc warriors
  2 sky beasts
  2 small abominations (Gauntlet)
  A centaur (D:10)
  A lemure (D:4)
  2 kobold brigands
  2 bullfrogs
  2 necrophages
  6 wights
  Dowan (D:6)
  6 killer bees (D:10)
  3 howler monkeys (D:9)
  An electric eel (D:7)
  8 crimson imps (D:9)
  An iron imp (D:3)
  4 hounds
  3 gnoll boudas
  11 orc priests
  Natasha (thrice) (D:3)
  5 orc wizards
  12 gnolls
  8 adders
  2 shadow imps
  3 white imps
  4 worms
  A dart slug (D:2)
  47 orcs
  3 bats (D:1)
  8 endoplasms
  5 giant cockroaches
  6 hobgoblins
  2 jackals (D:1)
  4 quokkas
  8 ball pythons
  3 frilled lizards
  9 goblins
  16 kobolds
  6 rats
269 creatures vanquished.

Vanquished Creatures (collateral kills)
  2 unseen horrors (D:10)
  A vampire (D:11)
  2 yaks
  A wyvern (D:10)
  2 orc warriors
  A small abomination (Gauntlet)
  A kobold brigand (D:9)
  A bullfrog (D:8)
  A gnoll sergeant (D:10)
  A cane toad simulacrum (Gauntlet)
  A howler monkey (D:7)
  2 orc priests (D:9)
  3 orc wizards
  A gnoll (D:10)
  4 orcs
  2 kobolds
26 creatures vanquished.

Vanquished Creatures (others)
  3 knights
  5 ancestors
  A demonic plant (Gauntlet)
9 creatures vanquished.

Grand Total: 304 creatures vanquished

Notes
Turn   | Place    | Note
-------+----------+-------------------------------------------
     0 | D:1      | Newt the Draconian Monk began the quest for the Orb.
     0 | D:1      | Reached XP level 1. HP: 19/19 MP: 1/1
   261 | D:1      | Reached XP level 2. HP: 27/27 MP: 2/2
   746 | D:1      | Found a faded altar of an unknown god.
   857 | D:2      | Reached XP level 3. HP: 29/33 MP: 3/3
  1206 | D:2      | Reached XP level 4. HP: 40/40 MP: 4/4
  1308 | D:3      | Noticed Natasha
  1313 | D:3      | Killed Natasha
  1442 | D:3      | Noticed Natasha
  1452 | D:3      | Killed Natasha
  1492 | D:3      | Noticed Grinder
  1504 | D:3      | Reached XP level 5. HP: 39/46 MP: 5/5
  1540 | D:3      | Paralysed by Grinder for 4 turns
  1547 | D:3      | Killed Grinder
  1548 | D:3      | Reached skill level 5 in Maces & Flails
  1548 | D:3      | Reached XP level 6. HP: 18/52 MP: 6/6
  1822 | D:3      | Noticed Natasha
  1846 | D:3      | Killed Natasha
  2491 | D:3      | Found a snail-covered altar of Cheibriados.
  2550 | D:3      | Identified the +8 spear "Hyloruca" {holy, Fragile +Blink
                  | Stlth+}
  2691 | D:4      | Reached skill level 5 in Fighting
  2699 | D:4      | Reached skill level 1 in Polearms
  2895 | D:4      | Your scales start taking on a pale cyan-grey colour.
  2895 | D:4      | Reached XP level 7. HP: 61/61 MP: 7/7
  2895 | D:4      | Gained mutation: You are immune to the effects of steam.
                  | [Pale Draconian growth]
  2902 | D:4      | Noticed Menkaure
  2907 | D:4      | Killed Menkaure
  2908 | D:4      | Reached skill level 3 in Polearms
  3360 | D:4      | Reached skill level 4 in Polearms
  3562 | D:4      | Noticed Eustachio
  3580 | D:4      | Killed Eustachio
  3581 | D:4      | Reached skill level 5 in Polearms
  3940 | D:4      | Noticed Pikel
  3966 | D:4      | Killed Pikel
  3967 | D:4      | Reached skill level 6 in Polearms
  3967 | D:4      | Reached skill level 7 in Polearms
  3967 | D:4      | Reached XP level 8. HP: 33/68 MP: 8/8
  4589 | D:5      | Entered Level 5 of the Dungeon
  4719 | D:5      | Found a staircase to the Ecumenical Temple.
  4740 | D:5      | Reached skill level 8 in Polearms
  4751 | Temple   | Entered the Ecumenical Temple
  4964 | Temple   | Became a worshipper of Yredelemnul the Dark
  4964 | Temple   | Reached * piety under Yredelemnul
  4964 | Temple   | Reached ** piety under Yredelemnul
  5025 | D:5      | Fell from the grace of Yredelemnul
  5029 | D:5      | Reached skill level 1 in Evocations
  5195 | Temple   | Became a worshipper of Hepliaklqana the Forgotten
  5284 | D:5      | Found Uleto's Magic Scroll Shoppe.
  5291 | D:5      | Bought a scroll of identify for 24 gold pieces
  5873 | D:5      | Noticed a phantasmal warrior
  5921 | D:6      | Noticed Dowan
  5925 | D:6      | Noticed Duvessa
  5941 | D:6      | Killed Duvessa
  5943 | D:6      | Killed Dowan
  6012 | D:6      | Found Gynuri's Jewellery Emporium.
  6167 | D:6      | Reached * piety under Hepliaklqana
  6218 | D:6      | Found a runed translucent gate.
  6218 | D:6      | Found a runed translucent gate.
  6218 | D:6      | Found a runed translucent gate.
  6227 | D:6      | Noticed Moonkey's ghost (novice DECj)
  6227 | D:6      | Noticed jlumianski's ghost (novice DsGl)
  6228 | D:6      | Noticed AlleluiaPinecone's ghost (novice DrBe)
  6514 | D:6      | Killed jlumianski's ghost
  6515 | D:6      | Reached skill level 9 in Polearms
  6515 | D:6      | Reached XP level 9. HP: 41/66 MP: 5/9
  6720 | D:6      | Killed Moonkey's ghost
  6735 | D:6      | Killed AlleluiaPinecone's ghost
  6736 | D:6      | Reached skill level 10 in Polearms
  6769 | D:6      | Identified the +2 cloak "Motecex" {rPois Str+2 Int+2
                  | Stlth+}
  6878 | D:7      | Noticed Maggie
  6889 | D:7      | Killed Maggie
  6914 | D:7      | Noticed a phantasmal warrior
  6922 | D:7      | Killed a phantasmal warrior
  7055 | D:7      | Reached skill level 5 in Dodging
  7254 | D:7      | Reached XP level 10. HP: 79/79 MP: 10/10
  7369 | D:7      | Noticed a skeletal warrior
  7369 | D:7      | Noticed a jiangshi
  7372 | D:7      | Killed a jiangshi
  7382 | D:7      | Killed a skeletal warrior
  7964 | D:7      | Found a runed translucent gate.
  7964 | D:7      | Found a runed translucent gate.
  7964 | D:7      | Found a runed translucent gate.
  7964 | D:7      | Noticed Spectrina's ghost (novice DjVM)
  7971 | D:7      | Identified the +1 helmet of Sif Muna's Favour {Str+3}
  7982 | D:7      | Killed Spectrina's ghost
  8003 | D:7      | Noticed a bog body
  8006 | D:7      | Killed a bog body
  8286 | D:8      | Found a staircase to the Lair.
  8365 | D:8      | Noticed a phantasmal warrior
  8365 | D:8      | Noticed a phantasmal warrior
  8605 | D:8      | Killed a phantasmal warrior
  8612 | D:8      | Killed a phantasmal warrior
  9204 | D:8      | Reached ** piety under Hepliaklqana
  9206 | D:8      | Remembered your ancestor Shiptu as a knight
  9231 | D:8      | Noticed a gargoyle
  9244 | D:8      | Killed a gargoyle
  9388 | D:9      | Found a snail-covered altar of Cheibriados.
  9389 | D:9      | Found Cheibriados's Comfort Zone.
  9738 | D:9      | Reached skill level 1 in Invocations
  9853 | D:9      | Identified a scroll of acquirement
  9853 | D:9      | Acquired the +2 hat of Gyozox {Regen+}
 10008 | D:9      | Noticed a phantasmal warrior
 10018 | D:9      | Killed a phantasmal warrior
 10150 | D:9      | Noticed a two-headed ogre
 10159 | D:9      | Killed a two-headed ogre
 10160 | D:9      | Reached skill level 5 in Invocations
 10220 | D:9      | Reached XP level 11. HP: 74/84 MP: 12/16
 10500 | D:9      | Noticed a bog body
 10500 | D:9      | Noticed a jiangshi
 10522 | D:9      | Killed a jiangshi
 10523 | D:9      | Killed a bog body
 10935 | D:10     | Entered Level 10 of the Dungeon
 11149 | D:10     | Reached skill level 5 in Evocations
 11214 | D:10     | Reached *** piety under Hepliaklqana
 11387 | D:10     | Was forgiven by Yredelemnul
 11926 | D:11     | Gained mutation: Your mind is acute. (Int +4, Str/Dex -1)
                  | [potion of mutation]
 11926 | D:11     | Gained mutation: Your system is resistant to poisons.
                  | (rPois) [potion of mutation]
 11940 | D:11     | Noticed an eight-headed hydra
 11949 | D:11     | Killed an eight-headed hydra
 11962 | D:11     | Found Iguciahy's Self-Improvement Boutique.
 12028 | D:11     | Found a gate leading to a gauntlet.
 12044 | Gauntlet | Entered a Gauntlet
 12044 | Gauntlet | Noticed a wizard
 12044 | Gauntlet | Found a transporter.
 12044 | Gauntlet | Found a transporter.
 12044 | Gauntlet | Found a transporter.
 12069 | Gauntlet | Found a transporter.
 12072 | Gauntlet | Found a transporter.
 12081 | Gauntlet | Found a transporter.
 12083 | Gauntlet | Found a transporter.
 12089 | Gauntlet | Noticed a large abomination
 12091 | Gauntlet | Found a transporter.
 12109 | Gauntlet | Found a transporter.
 12114 | Gauntlet | Found a transporter.
 12117 | Gauntlet | Found a transporter.
 12121 | Gauntlet | Noticed a dire elephant
 12171 | Gauntlet | Found a transporter.
 12337 | Gauntlet | Reached skill level 11 in Polearms
 12399 | Gauntlet | Identified the amulet "Bont" {Reflect Will+ SH+5}
 12440 | Gauntlet | Killed a large abomination
 12490 | Gauntlet | Noticed a minotaur
 12521 | Gauntlet | HP: 4/84 [minotaur (1)]
 12522 | Gauntlet | Slain by a minotaur

Illustrated notes

Levels and vault maps discovered:
D:1:      grunt_arrival_crossed_arrows, layout_rooms,
          shapermc_ecumenical_altar_ellora
D:2:      layout_rooms, minmay_tromino_v2
D:3:      layout_loops_ring, slow_altar_2, uniq_grinder, uniq_natasha
D:4:      layout_layer_cave, uniq_pikel, uniq_menkaure, uniq_eustachio
D:5:      layout_basic, minmay_temple_entry_large_hall, serial_shops, shop
D:6:      layout_cave_pools, gammafunk_ghost_cemetery, serial_shops,
          nicolae_take_the_stairs, uniq_duvessa
D:7:      cheibrodos_helix_gallery, layout_loops_corners,
          ebering_ghost_rock_garden, chequers_serial_rivers_small_a, uniq_maggie
D:8:      layout_gridville, lair_entry_dummy
D:9:      layout_basic, chequers_decorated_corner, minmay_shop_chei,
          serial_park_tiny_pond, minmay_misc_feat_roman, minmay_nine_imps
D:10:     layout_long_grid
D:11:     layout_rooms, gauntlet_entry_generic, grunt_ministairs_14,
          nicolae_shop_self_help
Temple:   roderic_octagonal_lattice_temple
Gauntlet: minmay_gauntlet_mixed_big_or_small [nicolae_gauntlet_arena_grate_2,
          minmay_gauntlet_arena_77_two_paths, gammafunk_gauntlet_arena_grid,
          minmay_gauntlet_arena_77_checkered, nicolae_gauntlet_arena_t_cross,
          minmay_gauntlet_arena_77_terracotta_army, gauntlet_exit_hidden_loot]

Skill      XL: |  1  2  3  4  5  6  7  8  9 10 11 |
---------------+----------------------------------+-----
Stealth        | 2 |  2.0
Fighting       | 4 5 8 |  8.0
Maces & Flails | 4 5 6 |  6.0
Dodging        | 3 4 5 8 |  8.0
Polearms       | 1 7 9 10 11 | 11.6
Evocations     | 4 8 |  8.0
Invocations    | 6 8 |  8.0

Action                   |  1- 3 |  4- 6 |  7- 9 | 10-12 || total
-------------------------+-------+-------+-------+-------++-------
Melee: Mace              |    97 |   105 |       |       ||   202
       Tailslap          |     5 |    13 |    21 |    50 ||    89
       Punch             |       |     2 |     2 |     4 ||     8
       Spear             |       |    17 |   280 |   453 ||   750
Invok: Ancestor Identity |       |       |     1 |       ||     1
       Renounce Religion |       |       |     1 |       ||     1
       Ancestor Life: Kn |       |       |       |     1 ||     1
       Recall Ancestor   |       |       |       |     1 ||     1
 Abil: Evoke Blink       |       |       |       |     1 ||     1
Evoke: Phantom mirror    |       |       |       |     1 ||     1
  Use: Scroll            |     2 |     1 |    10 |     7 ||    20
       Potion            |       |       |     1 |     4 ||     5
 Stab: Sleeping          |     4 |     6 |     9 |     6 ||    25
       Distracted        |       |       |       |     1 ||     1
Armor: Skin              |    37 |    36 |    54 |    73 ||   200
Dodge: Dodged            |    64 |    80 |    99 |   129 ||   372
Block: Other             |       |       |       |     2 ||     2

Table legend: (Time is in decaauts)
 A = Elapsed time spent in this place.
 B = Non-inter-level travel time spent in this place.
 C = Inter-level travel time spent in this place.
 D = Time resting spent in this place.
 E = Time spent auto-exploring this place.
 F = Levels seen in this place.
 G = Mean time per level.
                   A        B        C        D        E       F      G
               +--------+--------+--------+--------+--------+-----+--------+
         Total |  12286 |  11906 |    380 |   2394 |   7421 |  13 |  945.1 |
       Dungeon |  11566 |  11269 |    297 |   2383 |   7028 |  11 | 1051.5 |
        Temple |    273 |    191 |     82 |      0 |    171 |   1 |  273.0 |
      Gauntlet |    446 |    446 |      0 |     11 |    222 |   1 |  446.0 |
               +--------+--------+--------+--------+--------+-----+--------+

Top non-repeatable levels by time:
     D:4: 1895 daAuts
     D:7: 1639 daAuts
     D:9: 1506 daAuts
     D:3: 1404 daAuts
     D:5: 1003 daAuts
     D:6: 917 daAuts
    D:10: 890 daAuts
     D:8: 835 daAuts
     D:1: 817 daAuts
     D:2: 498 daAuts
Gauntlet: 446 daAuts
  Temple: 273 daAuts
    D:11: 158 daAuts
